 Dungeon Crawl Stone Soup version 0.25-a0-1079-g858b6a6ff6 (webtiles) character file.

Game seed: 3566888468891518036, levelgen mode: deterministic

105262 Flugslaktarn the Blocker (level 16, -4/127 HPs)
             Began as a Gnoll Fighter on May 15, 2020.
             Was the Champion of Makhleb.
             Slain by a spriggan rider
             ... wielding a +0 spear
              (15 damage)
             ... on level 1 of the Swamp.
             The game lasted 00:18:39 (28407 turns).

Flugslaktarn the Blocker (Gnoll Fighter)           Turns: 28407, Time: 00:18:39

Health: -4/127     AC: 25    Str: 22    XL:     16   Next: 40%
Magic:  30/30      EV: 13    Int: 12    God:    Makhleb [******]
Gold:   843        SH: 15    Dex: 19    Spells: 36/36 levels left

rFire    . . .     SeeInvis .   a - +6 broad axe (vorpal)
rCold    . . .     Gourm    .   J - +2 kite shield
rNeg     . . .     Faith    +   g - +0 plate armour
rPois    .         Spirit   .   P - +2 helmet
rElec    .         Reflect  .   B - +2 cloak {MR+}
rCorr    .         Harm     .   (no gloves)
MR       ++...     Rnd*Rage +   S - +2 pair of boots
Stlth    +.........             M - amulet of faith
HPRegen  0.31/turn              j - +4 ring of slaying
MPRegen  0.22/turn              p - +4 ring of protection

@: no status effects
A: distributed training, fangs 1, thin skeletal structure 1, berserk 1, deformed
body, strong nose
a: Minor Destruction, Lesser Servant of Makhleb, Major Destruction, Greater
Servant of Makhleb, Renounce Religion


You were on level 1 of the Swamp.
You worshipped Makhleb.
Makhleb was exalted by your worship.
You were not hungry.

You visited 4 branches of the dungeon, and saw 24 of its levels.

You collected 3170 gold pieces.
You spent 2327 gold pieces at shops.

Inventory:

Hand Weapons
 a - a +6 vorpal broad axe (weapon)
   (You took it off Maggie on level 8 of the Dungeon)
 b - a +2 war axe of flaming
   (You took it off a meliai on level 14 of the Dungeon)
Missiles
 G - 2 throwing nets (quivered)
Armour
 g - a +0 plate armour (worn)
   (You found it on level 5 of the Dungeon)
 B - a +2 cloak of magic resistance (worn)
   (You found it on level 4 of the Dungeon)
 H - a scarf of resistance
   (You found it on level 4 of the Lair of Beasts)
 J - a +2 kite shield (worn)
   (You bought it in a shop on level 2 of the Orcish Mines)
 P - a +2 helmet (worn)
   (You found it on level 3 of the Lair of Beasts)
 S - a +2 pair of boots (worn)
   (You found it on level 4 of the Dungeon)
Jewellery
 c - an uncursed ring of protection from cold
   (You found it on level 9 of the Dungeon)
 f - an uncursed ring of protection from fire
   (You took it off an orc on level 9 of the Dungeon)
 j - a +4 ring of slaying (left hand)
   (You found it on level 13 of the Dungeon)
 k - an uncursed ring of resist corrosion
   (You took it off an orc on level 9 of the Dungeon)
 o - an uncursed ring of poison resistance
   (You found it on level 4 of the Dungeon)
 p - a +4 ring of protection (right hand)
   (You found it on level 11 of the Dungeon)
 M - an amulet of faith (around neck)
   (You found it on level 11 of the Dungeon)
Wands
 i - a wand of iceblast (18)
   (You found it on level 6 of the Dungeon)
 v - a wand of digging (6)
   (You found it on level 10 of the Dungeon)
 y - a wand of clouds (16)
   (You found it on level 1 of the Lair of Beasts)
 I - a wand of enslavement (6)
   (You found it on level 4 of the Lair of Beasts)
 K - a wand of paralysis (34)
   (You found it on level 5 of the Lair of Beasts)
 L - a wand of acid (7)
   (You took it off Maurice on level 8 of the Dungeon)
Scrolls
 l - 2 scrolls of immolation
 s - 4 scrolls of magic mapping
 t - 10 scrolls of teleportation
 u - 5 scrolls of vulnerability
 x - 11 scrolls of remove curse
 A - a scroll of holy word
 E - 3 scrolls of fog
 F - 4 scrolls of enchant armour
 T - a scroll of summoning
Potions
 d - 2 potions of might
 h - 4 potions of haste
 m - a potion of flight
 n - 5 potions of resistance
 q - 16 potions of curing
 N - 2 potions of cancellation
 O - 3 potions of invisibility
 Q - a potion of berserk rage
Miscellaneous
 z - a tin of tremorstones (3/3)
   (You bought it in a shop on level 10 of the Dungeon)
 D - a phial of floods
   (You found it on level 5 of the Lair of Beasts)
Comestibles
 e - 36 rations


   Skills:
 + Level 12.2 Fighting
 + Level 10.6 Short Blades
 + Level 10.6 Long Blades
 + Level 11.4 Axes
 + Level 10.6 Maces & Flails
 + Level 10.6 Polearms
 + Level 10.6 Staves
 + Level 10.6 Slings
 + Level 10.6 Bows
 + Level 10.6 Crossbows
 + Level 10.6 Throwing
 + Level 12.2 Armour
 + Level 10.6 Dodging
 + Level 10.6 Stealth
 + Level 12.2 Shields
 + Level 10.6 Unarmed Combat
 + Level 10.6 Spellcasting
 + Level 9.0 Conjurations
 + Level 9.0 Hexes
 + Level 9.0 Charms
 + Level 9.0 Summonings
 + Level 9.0 Necromancy
 + Level 9.0 Translocations
 + Level 9.0 Transmutations
 + Level 9.0 Fire Magic
 + Level 9.0 Ice Magic
 + Level 9.0 Air Magic
 + Level 9.0 Earth Magic
 + Level 9.0 Poison Magic
 + Level 11.5 Invocations
 + Level 10.6 Evocations


You had 36 spell levels left.
You didn't know any spells.
Your spell library was empty.

Dungeon Overview and Level Annotations

Branches:
Dungeon (15/15)            Temple (0/1) D:7            Lair (6/6) D:9
  Swamp (1/4) Lair:2        Snake (0/4) Lair:3        Slime (0/5) Lair:6
    Orc (2/2) D:9             Elf (0/3) Orc:2        Vaults (0/5) D:13
 Depths (0/5) D:15

Altars:
Dithmenos
Gozag
Kikubaaqudgha
Makhleb
Nemelex Xobeh
Qazlal
Ru
Trog
Vehumet
Xom
The Shining One
Beogh
Jiyva

Shops:
D:9 *   D:10 !=}*   D:15 *   Orc:1 ?%   Orc:2 ([![

Portals:
Trove: D:12 (give 16 potions of curing)

Annotations:
D:6 exclusion: statue
D:15 3 runed translucent doors, Jyzaat's ghost, journeyman DsNe
Lair:2 exclusion: 2 oklob plants
Lair:3 3 runed translucent doors, Deatesutut's ghost, journeyman MiFi
Swamp:1 Roxanne


Innate Abilities, Weirdness & Mutations

Your experience applies equally to all skills.
You have very sharp teeth.
Your uncanny sense of smell can sniff out nearby items.
You have a somewhat thin skeletal structure. (Dex +2, Stealth)
You tend to lose your temper in combat.
Armour fits poorly on your strangely shaped body.


Message History

You are too injured to fight recklessly!
The spriggan rider hits you with a +0 spear.
* * * LOW HITPOINT WARNING * * *
The bog body hits you!
* * * LOW HITPOINT WARNING * * *
You block the bog body's attack.
Found a papyrus book.
You are too injured to fight recklessly!
You are too injured to fight recklessly!
You slice the bog body!!
You destroy the bog body!
Makhleb accepts your kill.
You feel better.
You hit the spriggan rider. You hit the tyrant leech.
The tyrant leech barely misses you. You block the spriggan rider's attack.
You are too injured to fight recklessly!
The tyrant leech bites you!
* * * LOW HITPOINT WARNING * * *
The tyrant leech draws strength from your injuries!
The spriggan rider hits you from afar with a +0 spear!
You die...

..≈.....≈≈≈≈≈≈
≈..≈≈≈........≈≈
.≈..≈≈≈......≈≈≈≈ ≈
.≈≈≈..≈≈...../≈≈≈ ..
.≈≈≈..≈≈≈≈≈..... ...
..≈..≈≈≈≈≈≈≈.≈♣♣ ..[.
.≈≈..≈≈≈≈≈≈≈..≈♣≈≈≈..
.≈≈..≈≈≈≈≈≈†@†≈(.≈≈..
...≈.§≈≈..≈w.i≈≈≈..♣
.≈♣≈..).≈♣†≈≈≈≈≈≈§♣
≈..≈♣♣.♣....≈≈≈..≈.:
.♣ ♣≈.......≈.≈≈≈♣♣
♣♣≈.≈≈...≈♣♣♣♣♣
♣..≈≈≈..♣♣ ...≈≈..♣♣
.......♣♣


You could see a tyrant leech and a spriggan rider.

Vanquished Creatures
  An ironheart preserver (D:13)
  A stone giant (Orc:2)
  Azrael (D:14)
  Snorg (D:12)
  A fire dragon (Lair:6)
  An ettin (D:15)
  5 hydras
  6 two-headed ogres
  A death knight (D:15)
  A shambling mangrove (Swamp:1)
  4 alligators (Swamp:1)
  2 ogre magi (D:15)
  4 tengu warriors
  4 centaur warriors
  A catoblepas (D:13)
  3 death yaks (Lair:6)
  2 orc high priests (Orc:1)
  Nergalle (D:10)
  A deep troll (D:15)
  4 unseen horrors
  A swamp dragon (Lair:6)
  4 ugly things (D:15)
  Pikel (D:7)
  5 orc knights
  4 deep elf magi
  11 orc sorcerers (Orc:2)
  4 cyclopes
  2 slime creatures (D:14)
  2 centaur zombies (D:15)
  A manticore (D:11)
  Maurice (D:8)
  Joseph (D:8)
  10 elephants
  5 black mambas
  A spiny frog (shapeshifter) (D:14)
  A rime drake (Lair:6)
  2 gargoyles
  Maggie (D:8)
  8 spiny frogs
  5 komodo dragons
  3 kobold demonologists
  2 freezing wraiths (D:15)
  5 trolls
  10 polar bears
  4 hornets
  A queen bee (D:14)
  A tyrant leech (Lair:2)
  6 meliai
  A bog body (Swamp:1)
  2 raiju (Lair:6)
  7 blink frogs
  9 dream sheep
  Prince Ribbit (D:8)
  7 hippogriffs
  59 yaks
  2 wraiths (D:15)
  A wyvern (Lair:2)
  A tarantella (shapeshifter) (D:13)
  2 hungry ghosts
  2 steam dragons
  Grum (D:8)
  6 basilisks
  7 vampire mosquitoes
  A soldier ant (D:11)
  12 wargs
  2 swamp worms
  5 acid dragons
  23 orc warriors
  18 water moccasins
  19 hell hounds
  2 swamp drakes
  3 porcupines
  7 sky beasts
  6 ice beasts
  5 phantoms
  A slave (D:7)
  13 black bears
  2 eyes of draining
  8 ogres
  32 wolves
  16 centaurs
  14 crocodiles
  8 big kobolds
  14 bullfrogs
  2 wyvern zombies
  6 scorpions
  28 killer bees
  5 electric eels
  8 howler monkeys
  10 wights
  10 crimson imps
  3 bullfrog zombies
  A quasit (D:9)
  7 jellies
  3 bullfrog skeletons
  14 orc priests
  12 hounds
  3 iron imps (D:5)
  36 orc wizards
  6 centaur skeletons
  A gnoll shaman (Orc:2)
  An iguana (D:8)
  9 worker ants
  A hound zombie (D:6)
  2 hound skeletons
  2 worker ant zombies
  20 adders
  4 gnolls (Orc:2)
  A howler monkey skeleton (D:10)
  A shadow imp (D:5)
  5 adder skeletons
  4 worms
  2 dart slugs
  6 leopard geckos
  112 orcs
  5 ball pythons
  9 bats
  4 giant cockroaches
  10 goblins
  8 hobgoblins
  6 jackals
  2 quokkas
  9 frilled lizards
  A jackal skeleton (D:4)
  17 kobolds
  2 leopard gecko skeletons
  A quokka skeleton (D:4)
  A quokka zombie (D:8)
  8 rats
  2 fungi (Lair:4)
  6 plants
  3 withered plants (D:9)
885 creatures vanquished.

Vanquished Creatures (collateral kills)
  Rupert (D:14)
  3 hydras
  A cyclops (D:14)
  A centaur zombie (D:14)
  A water moccasin (Lair:1)
  A wolf (Lair:1)
  2 bullfrogs
  A jelly (D:14)
11 creatures vanquished.

Vanquished Creatures (others)
  2 killer bees (D:14)
  2 wights (D:7)
  3 orc wizards
  A bush (Lair:5)
  7 fungi
  51 plants
  A withered plant (D:9)
67 creatures vanquished.

Grand Total: 963 creatures vanquished

Notes
Turn   | Place    | Note
-------+----------+-------------------------------------------
     0 | D:1      | Flugslaktarn the Gnoll Fighter began the quest for the Orb.
     0 | D:1      | Reached XP level 1. HP: 23/23 MP: 1/1
   107 | D:1      | Reached XP level 2. HP: 27/29 MP: 2/2
   628 | D:2      | Reached XP level 3. HP: 32/35 MP: 3/3
   757 | D:2      | Reached skill level 1 in Invocations
   779 | D:2      | Reached skill level 1 in Short Blades
   779 | D:2      | Reached skill level 1 in Long Blades
   779 | D:2      | Reached skill level 1 in Maces & Flails
   779 | D:2      | Reached skill level 1 in Polearms
   779 | D:2      | Reached skill level 1 in Staves
   779 | D:2      | Reached skill level 1 in Slings
   779 | D:2      | Reached skill level 1 in Bows
   779 | D:2      | Reached skill level 1 in Crossbows
   779 | D:2      | Reached skill level 1 in Throwing
   779 | D:2      | Reached skill level 1 in Dodging
   779 | D:2      | Reached skill level 1 in Stealth
   779 | D:2      | Reached skill level 1 in Unarmed Combat
   779 | D:2      | Reached skill level 1 in Spellcasting
   779 | D:2      | Reached skill level 1 in Evocations
   779 | D:2      | Reached XP level 4. HP: 25/41 MP: 5/5
  1055 | D:2      | Found a bloodstained altar of Trog.
  1099 | D:2      | You fall into a shaft and drop 2 floors!
  1100 | D:4      | Noticed a phantom
  1126 | D:4      | Killed a phantom
  1126 | D:4      | Reached skill level 1 in Conjurations
  1126 | D:4      | Reached skill level 1 in Hexes
  1126 | D:4      | Reached skill level 1 in Charms
  1126 | D:4      | Reached skill level 1 in Summonings
  1126 | D:4      | Reached skill level 1 in Necromancy
  1126 | D:4      | Reached skill level 1 in Translocations
  1126 | D:4      | Reached skill level 1 in Transmutations
  1126 | D:4      | Reached skill level 1 in Fire Magic
  1126 | D:4      | Reached skill level 1 in Ice Magic
  1126 | D:4      | Reached skill level 1 in Air Magic
  1126 | D:4      | Reached skill level 1 in Earth Magic
  1126 | D:4      | Reached skill level 1 in Poison Magic
  1126 | D:4      | Reached XP level 5. HP: 27/47 MP: 5/7
  1387 | D:4      | Noticed a phantom
  1407 | D:4      | Killed a phantom
  1407 | D:4      | Reached XP level 6. HP: 37/53 MP: 8/8
  1541 | D:4      | Found a shimmering altar of Xom.
  1577 | D:4      | Reached skill level 5 in Axes
  1774 | D:4      | You fall into a shaft and drop 2 floors!
  1774 | D:6      | Found a radiant altar of Vehumet.
  1894 | D:6      | Found a shadowy altar of Dithmenos.
  1905 | D:6      | Reached XP level 7. HP: 53/59 MP: 10/10
  2259 | D:5      | Entered Level 5 of the Dungeon
  2786 | D:5      | Killed an unseen horror
  2786 | D:5      | Reached XP level 8. HP: 12/67 MP: 11/13
  3589 | D:3      | Found a sparkling altar of Nemelex Xobeh.
  4610 | D:4      | Reached XP level 9. HP: 69/72 MP: 14/14
  5199 | D:5      | You fall into a shaft and drop 1 floor!
  5267 | D:5      | Found a burning altar of Makhleb.
  5292 | D:5      | Became a worshipper of Makhleb the Destroyer
  5450 | D:6      | Found a glowing golden altar of the Shining One.
  6532 | D:7      | Noticed Pikel
  6571 | D:7      | Killed Pikel
  6571 | D:7      | Reached skill level 5 in Invocations
  6576 | D:7      | Identified the +9 long sword "Zinluol" {venom, rPois Str+7
                  | Int+4 Dex-2}
  6872 | D:7      | Found a staircase to the Ecumenical Temple.
  6993 | D:7      | Found an opulent altar of Gozag.
  6994 | D:7      | Found a sacrificial altar of Ru.
  7077 | D:8      | Noticed Joseph
  7077 | D:8      | Noticed Prince Ribbit
  7080 | D:8      | Noticed Grum
  7081 | D:8      | Reached XP level 10. HP: 69/80 MP: 17/17
  7088 | D:8      | Reached * piety under Makhleb
  7091 | D:8      | Noticed Maurice
  7103 | D:8      | Killed Grum
  7112 | D:8      | Killed Prince Ribbit
  7112 | D:8      | Reached skill level 5 in Short Blades
  7112 | D:8      | Reached skill level 5 in Long Blades
  7112 | D:8      | Reached skill level 5 in Maces & Flails
  7112 | D:8      | Reached skill level 5 in Polearms
  7112 | D:8      | Reached skill level 5 in Staves
  7112 | D:8      | Reached skill level 5 in Slings
  7112 | D:8      | Reached skill level 5 in Bows
  7112 | D:8      | Reached skill level 5 in Crossbows
  7112 | D:8      | Reached skill level 5 in Throwing
  7112 | D:8      | Reached skill level 5 in Dodging
  7112 | D:8      | Reached skill level 5 in Stealth
  7112 | D:8      | Reached skill level 5 in Unarmed Combat
  7112 | D:8      | Reached skill level 5 in Spellcasting
  7112 | D:8      | Reached skill level 5 in Evocations
  7894 | D:8      | Killed Maurice
  7950 | D:8      | Killed Joseph
  8072 | D:8      | Noticed Maggie
  8082 | D:8      | Killed Maggie
  8621 | D:9      | Reached ** piety under Makhleb
  8662 | D:9      | Found an ancient bone altar of Kikubaaqudgha.
  8673 | D:9      | Reached XP level 11. HP: 47/87 MP: 19/19
  9129 | D:9      | Found a staircase to the Lair.
  9153 | D:9      | Noticed a two-headed ogre
  9163 | D:9      | Killed a two-headed ogre
  9163 | D:9      | Reached skill level 5 in Conjurations
  9163 | D:9      | Reached skill level 5 in Hexes
  9163 | D:9      | Reached skill level 5 in Charms
  9163 | D:9      | Reached skill level 5 in Summonings
  9163 | D:9      | Reached skill level 5 in Necromancy
  9163 | D:9      | Reached skill level 5 in Translocations
  9163 | D:9      | Reached skill level 5 in Transmutations
  9163 | D:9      | Reached skill level 5 in Fire Magic
  9163 | D:9      | Reached skill level 5 in Ice Magic
  9163 | D:9      | Reached skill level 5 in Air Magic
  9163 | D:9      | Reached skill level 5 in Earth Magic
  9163 | D:9      | Reached skill level 5 in Poison Magic
  9553 | D:9      | Found Quasat's General Store.
  9558 | D:9      | Bought a potion of haste for 160 gold pieces
  9625 | D:9      | Reached *** piety under Makhleb
  9685 | D:9      | Found a staircase to the Orcish Mines.
  9705 | D:9      | Found a roughly hewn altar of Beogh.
  9723 | D:9      | Found a sparkling altar of Nemelex Xobeh.
  9760 | D:9      | Found a stormy altar of Qazlal.
  9946 | Lair:1   | Entered Level 1 of the Lair of Beasts
 10187 | Lair:1   | Noticed a five-headed hydra
 10192 | Lair:1   | Killed a seven-headed hydra
 10948 | Lair:2   | Reached XP level 12. HP: 58/96 MP: 22/22
 11104 | Lair:2   | Found a staircase to the Swamp.
 11869 | Lair:3   | Noticed a four-headed hydra
 11891 | Lair:3   | Killed an eight-headed hydra
 12153 | Lair:3   | Identified a scroll of acquirement
 12231 | Lair:3   | Reached **** piety under Makhleb
 12241 | Lair:3   | Found a staircase to the Snake Pit.
 12545 | Lair:3   | Noticed a five-headed hydra
 12545 | Lair:3   | Noticed Deatesutut's ghost (journeyman MiFi)
 12549 | Lair:3   | Found a runed translucent gate.
 12549 | Lair:3   | Found a runed translucent gate.
 12549 | Lair:3   | Found a runed translucent gate.
 12853 | Lair:4   | Reached skill level 10 in Fighting
 12853 | Lair:4   | Reached skill level 10 in Armour
 12853 | Lair:4   | Reached skill level 10 in Shields
 13686 | Lair:4   | Reached ***** piety under Makhleb
 13686 | Lair:4   | Reached XP level 13. HP: 96/103 MP: 24/24
 14202 | Lair:5   | Got a faintly glowing battleaxe
 14203 | Lair:5   | Identified the +5 battleaxe of Chaos {vorpal, +Inv rF++ rN+
                  | Dex-3} (You found it on level 5 of the Lair of Beasts)
 15759 | Lair:6   | Entered Level 6 of the Lair of Beasts
 16929 | Lair:6   | Reached XP level 14. HP: 91/111 MP: 26/26
 17136 | Lair:6   | Got an ichor-stained scale mail
 17137 | Lair:6   | Identified the +4 scale mail "Dualyst" {Harm +Fly rPois
                  | Str-3} (You found it on level 6 of the Lair of Beasts)
 17367 | Lair:6   | Found a staircase to the Slime Pits.
 17367 | Lair:6   | Found a viscous altar of Jiyva.
 17489 | Lair:6   | Reached skill level 10 in Axes
 18988 | D:10     | Entered Level 10 of the Dungeon
 19056 | D:10     | Found Kuad's Assorted Antiques.
 19068 | D:10     | Bought a scroll of enchant weapon for 187 gold pieces
 19068 | D:10     | Bought a pink potion for 22 gold pieces
 19094 | D:10     | Found Ycrian's Gadget Shoppe.
 19121 | D:10     | Bought a tin of tremorstones (3/3) for 400 gold pieces
 19121 | D:10     | Bought a wand of clouds (7) for 330 gold pieces
 19123 | D:10     | Found Jeatef's Jewellery Shoppe.
 19153 | D:10     | Found Uriupej's Distillery.
 19184 | D:10     | Bought a potion of haste for 140 gold pieces
 19184 | D:10     | Bought a potion of haste for 140 gold pieces
 19190 | D:10     | Noticed Nergalle
 19211 | D:10     | Killed Nergalle
 19709 | D:11     | Reached ****** piety under Makhleb
 20079 | D:11     | Reached skill level 10 in Invocations
 20543 | D:12     | Got a flickering marble ring
 20556 | D:12     | Identified the ring of the Mutiny {Ice Str+2} (You found it
                  | on level 12 of the Dungeon)
 20646 | D:12     | Found a portal to a secret trove of treasure.
 20660 | D:12     | Found a burning altar of Makhleb.
 20769 | D:12     | Noticed Snorg
 21005 | D:12     | Killed Snorg
 21298 | D:12     | Paralysed by a hornet for 3 turns
 21864 | D:13     | Noticed an ironheart preserver
 21875 | D:13     | Killed an ironheart preserver
 21915 | D:13     | Reached XP level 15. HP: 65/119 MP: 28/28
 22133 | D:13     | Found a gate to the Vaults.
 22605 | D:13     | Found a shimmering altar of Xom.
 23464 | D:14     | Noticed Rupert
 23465 | D:14     | Paralysed by Rupert for 4 turns
 23473 | D:14     | Killed Rupert
 24180 | D:14     | Noticed Azrael
 24202 | D:14     | Killed Azrael
 24637 | D:15     | Entered Level 15 of the Dungeon
 24814 | D:15     | Reached skill level 10 in Short Blades
 24814 | D:15     | Reached skill level 10 in Long Blades
 24814 | D:15     | Reached skill level 10 in Maces & Flails
 24814 | D:15     | Reached skill level 10 in Polearms
 24814 | D:15     | Reached skill level 10 in Staves
 24814 | D:15     | Reached skill level 10 in Slings
 24814 | D:15     | Reached skill level 10 in Bows
 24814 | D:15     | Reached skill level 10 in Crossbows
 24814 | D:15     | Reached skill level 10 in Throwing
 24814 | D:15     | Reached skill level 10 in Dodging
 24814 | D:15     | Reached skill level 10 in Stealth
 24814 | D:15     | Reached skill level 10 in Unarmed Combat
 24814 | D:15     | Reached skill level 10 in Spellcasting
 24814 | D:15     | Reached skill level 10 in Evocations
 25402 | D:15     | Found a staircase to the Depths.
 25681 | D:15     | Found a runed translucent gate.
 25682 | D:15     | Found a runed translucent gate.
 25682 | D:15     | Found an opulent altar of Gozag.
 25682 | D:15     | Found a runed translucent gate.
 25683 | D:15     | Noticed Jyzaat's ghost (journeyman DsNe)
 25686 | D:15     | Found Noiqeagy's Assorted Antiques.
 26402 | Orc:1    | Entered Level 1 of the Orcish Mines
 26540 | Orc:1    | Gained mutation: You tend to lose your temper in combat. [a
                  | neqoxec]
 26553 | Orc:1    | Reached XP level 16. HP: 70/127 MP: 30/30
 26743 | Orc:1    | Found Keahetocw's Magic Scroll Shop.
 26743 | Orc:1    | Found Zevuax's Food Emporium.
 26748 | Orc:1    | Bought a scroll of teleportation for 45 gold pieces
 26748 | Orc:1    | Lost mutation: You tend to lose your temper in combat.
                  | [potion of mutation]
 26748 | Orc:1    | Gained mutation: You tend to lose your temper in combat.
                  | [potion of mutation]
 26748 | Orc:1    | Gained mutation: Armour fits poorly on your strangely
                  | shaped body. [potion of mutation]
 26748 | Orc:1    | Gained mutation: You have a somewhat thin skeletal
                  | structure. (Dex +2, Stealth) [potion of mutation]
 26887 | Orc:2    | Entered Level 2 of the Orcish Mines
 27047 | Orc:2    | Found Sishrem's Distillery.
 27047 | Orc:2    | Found Duhe's Antique Armour Emporium.
 27060 | Orc:2    | Bought a potion of curing for 48 gold pieces
 27060 | Orc:2    | Bought a potion of curing for 48 gold pieces
 27060 | Orc:2    | Bought a potion of curing for 48 gold pieces
 27060 | Orc:2    | Bought a potion of curing for 48 gold pieces
 27060 | Orc:2    | Bought a potion of curing for 48 gold pieces
 27060 | Orc:2    | Bought a potion of curing for 48 gold pieces
 27060 | Orc:2    | Bought a potion of curing for 48 gold pieces
 27060 | Orc:2    | Bought 2 potions of invisibility for 256 gold pieces
 27060 | Orc:2    | Bought a potion of might for 64 gold pieces
 27081 | Orc:2    | Bought a shiny kite shield for 247 gold pieces
 27145 | Orc:2    | Found a roughly hewn altar of Beogh.
 27363 | Orc:2    | Found a staircase to the Elven Halls.
 27389 | Orc:2    | Found a roughly hewn altar of Beogh.
 27607 | Orc:2    | Found Geqaff's Weapon Boutique.
 27607 | Orc:2    | Found Ykkytr Omemp's Armour Emporium.
 27759 | Orc:2    | Found a roughly hewn altar of Beogh.
 27952 | Swamp:1  | Entered Level 1 of the Swamp
 27952 | Swamp:1  | Identified Roxanne's Reference Book on Transmutation
 27952 | Swamp:1  | Noticed Roxanne
 27988 | Swamp:1  | HP: 4/127 [Roxanne/bolt of magma (37)]
 28407 | Swamp:1  | Slain by a spriggan rider

Illustrated notes

Levels and vault maps discovered:
D:1:      minmay_arrival_four_circles, layout_rooms
D:2:      layout_rooms, grunt_ministairs_9, trog_book
D:3:      layout_basic, marbit_many_paths
D:4:      minmay_chambers_of_threes, layout_loops_ring, xom_teletrap_fun,
          first_ration
D:5:      layout_rooms, demons_altar
D:6:      kennysheep_six_static_rooms, layout_basic, overflow_temple_1_default,
          nicolae_dithmenos_the_darkroom, vehumet_statue
D:7:      layout_basic, gammafunk_temple_overflow_wave, temple_doors_ab,
          uniq_pikel
D:8:      layout_basic, enter_ossuary_1, uniq_maurice, uniq_joseph, uniq_grum,
          uniq_prince_ribbit1, uniq_maggie
D:9:      layout_loops_corners, kiku_gazebo_garden_becter,
          nicolae_overflow_crystal_walls, david_lair_shrubbed,
          minmay_orc_entry_temple_small, basic_altar, serial_shops, shop
D:10:     layout_big_octagon, serial_shops, shop, shop,
          nicolae_shop_window_shopping, shop, uniq_nergalle
D:11:     layout_gridville, hangedman_ranch [blue_anna_fruit_fields]
D:12:     layout_roguey, enter_trove_2, amethyst_killhole, bloody_makhleb,
          uniq_snorg
D:13:     layout_layer_cave, skrybe_vaults_entry_preservation, basic_altar
D:14:     layout_roguey, minivault_14, minivault_7, uniq_rupert, uniq_azrael
D:15:     hangedman_depths_entry_civil_slaughter, layout_basic,
          minmay_misc_feat_cross, ebering_ghost_gozag
Lair:1:   layout_regular_city, serial_bayou_shore_b
Lair:2:   dpeg_oklob_gauntlet, layout_regular_city, minmay_swamp_entry_worms,
          grunt_megastairs_1
Lair:3:   layout_chaotic_city, minmay_snake_entry_six_corridors,
          gammafunk_ghost_split
Lair:4:   layout_small_grid
Lair:5:   layout_cave_pods, infiniplex_staircase_pool
Lair:6:   guppyfry_lair_end_dragon, layout_regular_city,
          hangedman_lair_caniforms_friends, slime_altar_1, serial_bayou_lake_a,
          infiniplex_staircase_pool_2, grunt_megastairs_4
Swamp:1:  layout_basic_swamp, evilmike_swamp_ruin_house_4, uniq_frances,
          uniq_roxanne
Orc:1:    layout_diamond_mine, guppyfry_orc_lava_fort
Orc:2:    st_orc_town, layout_caves, basic_altar, nicolae_orc_lost_temple

Skill      XL: |  1  2  3  4  5  6  7  8  9 10 11 12 13 14 15 16 |
---------------+-------------------------------------------------+-----
Invocations    | 1 2 3 4 5 6 7 8 9 10 11 | 11.5
Short Blades   | 1 2 3 4 5 6 7 8 9 10 | 10.6
Long Blades    | 1 2 3 4 5 6 7 8 9 10 | 10.6
Maces & Flails | 1 2 3 4 5 6 7 8 9 10 | 10.6
Polearms       | 1 2 3 4 5 6 7 8 9 10 | 10.6
Staves         | 1 2 3 4 5 6 7 8 9 10 | 10.6
Slings         | 1 2 3 4 5 6 7 8 9 10 | 10.6
Bows           | 1 2 3 4 5 6 7 8 9 10 | 10.6
Crossbows      | 1 2 3 4 5 6 7 8 9 10 | 10.6
Throwing       | 1 2 3 4 5 6 7 8 9 10 | 10.6
Dodging        | 1 2 3 4 5 6 7 8 9 10 | 10.6
Stealth        | 1 2 3 4 5 6 7 8 9 10 | 10.6
Unarmed Combat | 1 2 3 4 5 6 7 8 9 10 | 10.6
Spellcasting   | 1 2 3 4 5 6 7 8 9 10 | 10.6
Evocations     | 1 2 3 4 5 6 7 8 9 10 | 10.6
Conjurations   | 1 2 3 4 5 6 7 8 9 |  9.0
Hexes          | 1 2 3 4 5 6 7 8 9 |  9.0
Charms         | 1 2 3 4 5 6 7 8 9 |  9.0
Summonings     | 1 2 3 4 5 6 7 8 9 |  9.0
Necromancy     | 1 2 3 4 5 6 7 8 9 |  9.0
Translocations | 1 2 3 4 5 6 7 8 9 |  9.0
Transmutations | 1 2 3 4 5 6 7 8 9 |  9.0
Fire Magic     | 1 2 3 4 5 6 7 8 9 |  9.0
Ice Magic      | 1 2 3 4 5 6 7 8 9 |  9.0
Air Magic      | 1 2 3 4 5 6 7 8 9 |  9.0
Earth Magic    | 1 2 3 4 5 6 7 8 9 |  9.0
Poison Magic   | 1 2 3 4 5 6 7 8 9 |  9.0
Axes           | 5 6 7 8 9 10 11 | 11.4
Fighting       | 7 8 9 10 11 12 | 12.2
Armour         | 7 8 9 10 11 12 | 12.2
Shields        | 7 8 9 10 11 12 | 12.2

Action                   |  1- 3 |  4- 6 |  7- 9 | 10-12 | 13-15 | 16-18 || total
-------------------------+-------+-------+-------+-------+-------+-------++-------
Melee: War axe           |    77 |    88 |   376 |   587 |   530 |       ||  1658
       Bite              |     5 |    12 |    64 |    76 |   191 |    33 ||   381
       Broad axe         |       |       |       |       |   801 |   211 ||  1012
Invok: Lesser Servant of |       |       |       |     3 |    12 |       ||    15
       Greater Servant o |       |       |       |       |     1 |       ||     1
Evoke: Wand              |       |       |       |       |    15 |       ||    15
       Tin of tremorston |       |       |       |       |     4 |     1 ||     5
  Use: Scroll            |       |       |    18 |     7 |    29 |     1 ||    55
       Potion            |       |       |     4 |     1 |     6 |     5 ||    16
 Stab: Distracted        |       |       |       |       |     1 |       ||     1
       Petrified         |       |       |       |       |     1 |       ||     1
  Eat: Chunk             |       |     3 |     7 |    12 |    22 |     3 ||    47
       Ration            |       |       |     4 |     3 |     7 |     1 ||    15
Armor: Scale mail        |    31 |    24 |    26 |       |       |       ||    81
       Plate armour      |       |       |   189 |   399 |  1073 |   135 ||  1796
Dodge: Dodged            |    12 |    15 |    83 |   271 |   699 |   118 ||  1198
Block: Kite shield       |    35 |    58 |   236 |   435 |  1113 |   181 ||  2058

Table legend:
 A = Non-vault XP
 B = Vault XP
 C = Vault XP percentage of total XP
 D = Non-vault monster count
 E = Vault monster count
 F = Vault count percentage of total count
                 A         B        C        D         E       F
            +---------+---------+-------+---------+---------+-------
      Total |   97295 |   53080 |  35.3 |     625 |     261 |  29.5
            +---------+---------+-------+---------+---------+-------
        D:1 |      30 |       0 |   0.0 |      18 |       0 |   0.0
        D:2 |      51 |      16 |  23.9 |      19 |       2 |   9.5
        D:3 |      75 |       2 |   2.6 |      27 |       1 |   3.6
        D:4 |     521 |     242 |  31.7 |      15 |       9 |  37.5
        D:5 |    1293 |     123 |   8.7 |      18 |       3 |  14.3
        D:6 |     616 |     181 |  22.7 |      19 |       3 |  13.6
        D:7 |     878 |     593 |  40.3 |      16 |       1 |   5.9
        D:8 |    1639 |    2110 |  56.3 |      38 |       8 |  17.4
        D:9 |    4451 |     519 |  10.4 |      42 |       9 |  17.6
       D:10 |    2590 |     800 |  23.6 |      19 |       1 |   5.0
       D:11 |    2816 |    2183 |  43.7 |      33 |       8 |  19.5
       D:12 |    5224 |     783 |  13.0 |      43 |       1 |   2.3
       D:13 |    9640 |    4742 |  33.0 |      38 |       9 |  19.1
       D:14 |    5992 |    5841 |  49.4 |      27 |      22 |  44.9
       D:15 |   15181 |    5445 |  26.4 |      54 |       6 |  10.0
     Lair:1 |    4676 |       0 |   0.0 |      23 |       0 |   0.0
     Lair:2 |    3330 |    1477 |  30.7 |      18 |       6 |  25.0
     Lair:3 |    2261 |    1288 |  36.3 |       8 |      13 |  61.9
     Lair:4 |    6912 |       0 |   0.0 |      32 |       0 |   0.0
     Lair:5 |    4280 |       0 |   0.0 |      17 |       0 |   0.0
     Lair:6 |   11432 |   16773 |  59.5 |      37 |      81 |  68.6
    Swamp:1 |    6472 |       0 |   0.0 |      14 |       0 |   0.0
      Orc:1 |     748 |    3566 |  82.7 |      15 |      17 |  53.1
      Orc:2 |    6187 |    6396 |  50.8 |      35 |      61 |  63.5
            +---------+---------+-------+---------+---------+-------
